 Dungeon Sprint DCSS version 0.22.1-2-g9c5b331 (webtiles) character file.

70 diana the Slasher (level 4, -2/33 HPs)
             Began as a Demonspawn Gladiator on Dec 14, 2018.
             Slain by an orange demon (11 damage)
             ... summoned by a kobold demonologist
             ... in the Dungeon (Sprint VII: "The Pits").
             The game lasted 00:00:30 (23 turns).

diana the Slasher (Demonspawn Gladiator)              Turns: 23, Time: 00:00:31

Health: -2/33      AC:  4    Str: 15    XL:     4   Next: 3%
Magic:  4/4        EV: 12    Int:  9    God:
Gold:   0          SH:  0    Dex: 15    Spells: 3/3 levels left

rFire    . . .     SeeInvis .   a - +0 long sword
rCold    . . .     Gourm    .   (no shield)
rNeg     . . .     Faith    .   b - +0 leather armour
rPois    .         Spirit   .   c - +0 helmet
rElec    .         Reflect  .   (no cloak)
rCorr    .         Harm     .   (no gloves)
MR       .....     Rnd*Rage +   (no boots) Stlth +.........NoTele +
                                (no amulet)
HPRegen  0.11/turn              (no ring)
MPRegen  0.09/turn              (no ring)

@: berserk cooldown, hasted and slowed
A: berserk 1, demonic guardian 1, rot immunity
a: no special abilities


You were in the Dungeon.
You were not hungry.

You visited 1 branch

Inventory:

Hand Weapons
 a - a +0 long sword (weapon)
Missiles
 d - 3 throwing nets (quivered)
Armour
 b - a +0 leather armour (worn)
 c - a +0 helmet (worn)
Scrolls
 k - a scroll of blinking
Potions
 e - a potion of curing
 g - a potion of heal wounds
 i - 2 potions of magic
Comestibles
 f - a ration


   Skills:
 - Level 2.0 Fighting
 + Level 7.7 Long Blades
 - Level 1.7 Throwing
 - Level 2.6 Dodging


You had 3 spell levels left.
You didn't know any spells.
Your spell library was empty.

Dungeon Overview and Level Annotations

Branches:
Dungeon (1/1)

Altars:


Innate Abilities, Weirdness & Mutations

A weak demonic guardian rushes to your aid.
You are immune to rotting.
You tend to lose your temper in combat.


Message History

You hit the kobold demonologist.
The kobold demonologist is almost dead.
The scorpion stings you.
Your white imp hits the neqoxec but does no damage.
The big kobold hits you but does no damage.
The kobold demonologist casts a cantrip, but nothing happens.
The neqoxec hits you. The orange demon completely misses you.
You riposte.
You hit the orange demon.
The orange demon is lightly wounded.
The orange demon misses you.
You barely miss the kobold demonologist.
The kobold demonologist is almost dead.
The scorpion barely misses you.
You riposte.
You barely miss the scorpion.
Your white imp hits the neqoxec but does no damage.
The big kobold hits you with a dagger.
* * * LOW HITPOINT WARNING * * *
The kobold demonologist barely misses you.
The neqoxec hits you but does no damage.
The orange demon stings you!
You die...

##########++######
#................#
#....(.#..#......#
#................+
+................+
#......#..#......#
#........4535....#
####'#####@K#####
#.......##Ks#
#.......##YKK.
#.......##K..##
#...<...##..##
#.......##..#
#.......##..+
#.......##.##
#########


You could see an elephant, an orange demon, a kobold demonologist, a neqoxec, a
big kobold, a scorpion, an ufetubus, 3 kobolds and a friendly white imp.

Vanquished Creatures
  A big kobold (D)
1 creature vanquished.

Notes
Turn   | Place    | Note
-------+----------+-------------------------------------------
     0 | D        | diana the Demonspawn Gladiator began the quest for the Orb.
     0 | D        | Reached XP level 1. HP: 16/16 MP: 1/1
    10 | D        | Noticed a kobold demonologist
    10 | D        | Noticed a big kobold
    10 | D        | Noticed a big kobold
    10 | D        | Noticed a scorpion
    10 | D        | Noticed an elephant
    15 | D        | Noticed a neqoxec
    17 | D        | Killed a big kobold
    17 | D        | Reached skill level 7 in Long Blades
    17 | D        | Gained mutation: A weak demonic guardian rushes to your
                  | aid. [demonic ancestry]
    17 | D        | Reached XP level 2. HP: 22/22 MP: 2/2
    17 | D        | Reached XP level 3. HP: 27/27 MP: 3/3
    17 | D        | Gained mutation: You are immune to rotting. [demonic
                  | ancestry]
    17 | D        | Reached XP level 4. HP: 33/33 MP: 4/4
    17 | D        | Gained mutation: You tend to lose your temper in combat. [a
                  | neqoxec]
    20 | D        | Noticed an orange demon
    23 | D        | Slain by an orange demon

Skill      XL: |  1 |
---------------+----+-----
Long Blades    | 7 |  7.7
Fighting       | |  2.0
Throwing       | |  1.7
Dodging        | |  2.6

Action                   |  1- 3 |  4- 6 || total
-------------------------+-------+-------++-------
Melee: Long sword        |     4 |     6 ||    10
  Use: Potion            |     2 |       ||     2
Armor: Leather armour    |     1 |     3 ||     4
Dodge: Dodged            |       |     8 ||     8
       Rpst.: Long sword |       |     2 ||     2
